 Dungeon Crawl Stone Soup version 0.23-a0-650-ga4d50d4 (console) character file.

156 Duffy the Firebug (level 5, -3/35 HPs)
             Began as a Demonspawn Fire Elementalist on Jan 4, 2019.
             Was a Follower of Cheibriados.
             Slain by an orc
             ... wielding a +0 falchion
              (8 damage)
             ... on level 3 of the Dungeon.
             The game lasted 00:02:36 (2742 turns).

Duffy the Firebug (Demonspawn Fire Elementalist)    Turns: 2742, Time: 00:02:37

Health: -3/35      AC:  4    Str: 10    XL:     5   Next: 15%
Magic:  0/9        EV: 12    Int: 20    God:    Cheibriados [*.....]
Gold:   80         SH:  0    Dex: 15    Spells: 6/10 levels left

rFire    . . .     SeeInvis +     - Unarmed
rCold    . . .     Gourm    .   (no shield)
rNeg     . . .     Faith    .   a - +0 robe
rPois    .         Spirit   .   f - +0 helmet
rElec    .         Reflect  .   (no cloak)
rCorr    .         Harm     .   i - +0 pair of gloves
MR       .....                  (no boots)
Stlth    ++........             (no amulet)
HPRegen  0.11/turn              l - ring of see invisible
MPRegen  0.11/turn              (no ring)

@: very slow
A: claws 1
a: Bend Time, Renounce Religion


You were on level 3 of the Dungeon.
You worshipped Cheibriados.
Cheibriados was aware of your devotion.
You were hungry.

You visited 1 branch of the dungeon, and saw 3 of its levels.

You collected 80 gold pieces.

Inventory:

Hand Weapons
 m - a +0 dagger of venom
Armour
 a - a +0 robe (worn)
 d - a +0 ring mail
 f - a +0 helmet (worn)
 i - a +0 pair of gloves (worn)
Jewellery
 l - a ring of see invisible (left hand)
Scrolls
 g - 3 scrolls of remove curse
 k - a scroll of magic mapping
Potions
 b - 4 potions of curing
 h - 2 potions of heal wounds
Comestibles
 c - 5 rations


   Skills:
 - Level 1.7 Dodging
 - Level 1.7 Stealth
 + Level 1.2 Unarmed Combat
 - Level 3.0 Spellcasting
 + Level 2.9 Conjurations
 + Level 3.7 Fire Magic


You had 6 spell levels left.
You knew the following spells:

 Your Spells              Type           Power        Failure   Level  Hunger
h - Flame Tongue          Conj/Fire      ###..        3%          1    None
l - Conjure Flame         Conj/Fire      ###.....     11%         3    ###....

Your spell library contained the following spells:

 Spells                   Type           Power        Failure   Level  Hunger
 Throw Flame              Conj/Fire      ###...       5%          2    ##.....
 Inner Flame              Hex/Fire       ##......     21%         3    ###....
 Sticky Flame             Conj/Fire      ###.....     36%         4    ####...
 Fireball                 Conj/Fire      ###.......   71%         5    ######.


Dungeon Overview and Level Annotations

Branches:
Dungeon (3/15)

Altars:
Cheibriados
Makhleb


Innate Abilities, Weirdness & Mutations

You have sharp fingernails.


Message History

The orc hits you with a +0 falchion.
You hit the orc but do no damage.
The orc is heavily wounded.
The orc barely misses you.
You completely miss the orc.
The orc is heavily wounded.
The orc hits you with a +0 falchion!
You hit the orc but do no damage.
The orc is heavily wounded.
The orc hits you with a +0 falchion!
Casting: Flame Tongue (safe; 3% risk of failure)
Confirm with . or Enter, or press ? or * to list all spells.
Aiming: Flame Tongue (safe; 3% risk of failure)
Press: ? - help, Shift-Dir - straight line, f - orc
Aim: an orc, wielding a +0 falchion and wearing a +0 scale mail (heavily The flame tongue misses the orc.
The orc barely misses you.
You completely miss the orc.
The orc is heavily wounded.
The orc hits you with a +0 falchion!
You die...

.. #. ####.### .. #...... ##+#
#. #.#... .# ##...## #.
#.#..##.# ##.....# # #.
#@#...#.# ##.......
#...##.#####o#.....#.#........
......ooo............+........
#...##.#####.........#........
# #. ###...#.## #....... o.
#..##.# ##.....# ##. #.....#
##...## oo ##.#### ##'## #.
#.# #.#


You could see an orc.

Vanquished Creatures
  An orc priest (D:3)
  Jessica (D:2)
  Terence (D:2)
  2 adders (D:2)
  4 leopard geckos
  3 orcs (D:3)
  2 ball pythons (D:2)
  8 bats
  3 giant cockroaches
  8 goblins
  5 hobgoblins
  6 frilled lizards
  5 kobolds
  5 rats
54 creatures vanquished.

Notes
Turn   | Place    | Note
-------+----------+-------------------------------------------
     0 | D:1      | Duffy the Demonspawn Fire Elementalist began the quest for
                  | the Orb.
     0 | D:1      | Reached XP level 1. HP: 13/13 MP: 3/3
   345 | D:1      | Gained mutation: You have sharp fingernails. [demonic
                  | ancestry]
   345 | D:1      | Reached XP level 2. HP: 19/19 MP: 1/5
  1213 | D:2      | Noticed Jessica
  1223 | D:2      | Killed Jessica
  1223 | D:2      | Reached XP level 3. HP: 19/24 MP: 0/7
  1304 | D:2      | Learned a level 3 spell: Conjure Flame
  1401 | D:2      | Found a snail-covered altar of Cheibriados.
  1408 | D:2      | Found a burning altar of Makhleb.
  1413 | D:2      | Became a worshipper of Cheibriados the Contemplative
  1590 | D:2      | Noticed Terence
  1596 | D:2      | Killed Terence
  1596 | D:2      | Reached XP level 4. HP: 18/30 MP: 1/8
  2145 | D:2      | Found a faded altar of an unknown god.
  2293 | D:2      | Reached * piety under Cheibriados
  2707 | D:3      | Reached skill level 1 in Unarmed Combat
  2726 | D:3      | Reached XP level 5. HP: 21/35 MP: 0/9
  2742 | D:3      | Slain by an orc

Vault maps used:
D:1:      minmay_arrival_stair_chambers, kennysheep_crisscross
D:2:      grunt_temple_overflow_open, chequers_ecumenical_altar_lobes,
          uniq_jessica, uniq_terence
D:3:      lemuel_doored_altar, nicolae_gozag_seed_capital, minitemple,
          first_ration

Skill      XL: |  1  2  3  4 |
---------------+-------------+-----
Fire Magic     | 3 |  3.7
Conjurations   | 2 |  2.9
Spellcasting   | 3 |  3.0
Unarmed Combat | 1 |  1.2
Dodging        | |  1.7
Stealth        | |  1.7

Action                   |  1- 3 |  4- 6 || total
-------------------------+-------+-------++-------
Melee: Unarmed           |    12 |    30 ||    42
       Dagger            |     1 |       ||     1
       Punch             |       |     1 ||     1
 Cast: Flame Tongue      |    60 |    40 ||   100
  Use: Scroll            |       |     4 ||     4
  Eat: Chunk             |     3 |     2 ||     5
Armor: Robe              |     9 |     8 ||    17
Dodge: Dodged            |    37 |    35 ||    72

Table legend:
 A = Non-vault XP
 B = Vault XP
 C = Vault XP percentage of total XP
 D = Non-vault monster count
 E = Vault monster count
 F = Vault count percentage of total count
                 A         B        C        D         E       F
            +---------+---------+-------+---------+---------+-------
      Total |     155 |      69 |  30.8 |      52 |       2 |   3.7
            +---------+---------+-------+---------+---------+-------
        D:1 |      36 |       0 |   0.0 |      21 |       0 |   0.0
        D:2 |      66 |      69 |  51.1 |      25 |       2 |   7.4
        D:3 |      53 |       0 |   0.0 |       6 |       0 |   0.0
            +---------+---------+-------+---------+---------+-------
